 Dungeon Crawl Stone Soup version 0.22-a0-782-g038298e (webtiles) character file.

26885 inmateoo the Cleaver (level 13, -11/63 HPs)
             Began as a Vine Stalker Warper on July 19, 2018.
             Was a High Priest of Hepliaklqana.
             Mangled by an eight-headed hydra (13 damage)
             ... on level 13 of the Dungeon.
             The game lasted 00:25:43 (11629 turns).

inmateoo the Cleaver (Vine Stalker Warper)         Turns: 11629, Time: 00:25:44

Health: -11/63     AC:  8    Str: 16    XL:     13   Next: 28%
Magic:  0/20       EV: 17    Int: 17    God:    Hepliaklqana [*****.]
Gold:   637        SH:  0    Dex: 17    Spells: 6/20 levels left

rFire    . . .     SeeInvis .   N - +7 morningstar of Conversion {flame, *Corrode Int+4}
rCold    + + .     Gourm    .   (no shield)
rNeg     . . .     Faith    .   v - +3 leather armour
rPois    .         Spirit   +   k - +2 helmet
rElec    .         Reflect  .   J - +1 cloak
rCorr    .         Harm     .   (no gloves)
MR       +....                  (no boots)
Stlth    +.........             (no amulet)
HPRegen  1.00/turn              a - ring of protection from cold
MPRegen  0.17/turn              j - ring of protection from cold

@: corroded, studying Ice Magic
A: reduced essence, fangs 3, regeneration 2, magic shield, antimagic bite, no
potion heal 3, rot immunity
a: Recall Ancestor, Ancestor Identity, Transference, Idealise, Renounce Religion


You were on level 13 of the Dungeon.
You worshipped Hepliaklqana.
Hepliaklqana was extremely pleased with you.
You were not hungry.

You visited 1 branch of the dungeon, and saw 13 of its levels.

You collected 789 gold pieces.
You spent 152 gold pieces at shops.

Inventory:

Hand Weapons
 i - a +3 dagger of draining
 o - a +1 war axe of chopping
 E - a +0 broad axe
 N - the +7 morningstar of Conversion (weapon) {flame, *Corrode Int+4}
   (You took it off a gnoll on level 9 of the Dungeon)

   It has been specially enchanted to burn those struck by it, causing extra
   injury to most foes and up to half again as much damage against particularly
   susceptible opponents.
   It affects your intelligence (+4).
   It may corrode you when you take damage.
Missiles
 e - 5 tomahawks of dispersal
 B - 19 tomahawks (quivered)
 D - 2 throwing nets
 G - 3 tomahawks of returning
 O - 4 silver tomahawks
Armour
 k - a +2 helmet (worn)
 v - a +3 leather armour (worn)
 J - a +1 cloak (worn)
Jewellery
 a - a ring of protection from cold (left hand)
 g - an uncursed ring of see invisible
 j - a ring of protection from cold (right hand)
 n - an uncursed ring of resist corrosion
 t - an uncursed ring of positive energy
 K - an uncursed ring of wizardry
Wands
 d - a wand of clouds (1)
 p - a wand of random effects (65)
 y - a wand of polymorph (11)
 A - a wand of digging (21)
 C - a wand of disintegration (21)
 F - a wand of acid (2)
 I - a wand of paralysis (14)
Scrolls
 h - 3 scrolls of teleportation
 r - a scroll of magic mapping
 x - 6 scrolls of remove curse
 H - a scroll of blinking
 L - 2 scrolls of amnesia
 M - a scroll of holy word
 Q - a scroll of fog
 R - 2 scrolls of identify
Potions
 b - 2 potions of berserk rage
 c - 8 potions of curing
 l - a potion of resistance
 m - a potion of invisibility
 q - 4 potions of brilliance
 s - a potion of haste
 u - a potion of lignification
 w - a potion of agility
 z - a potion of cancellation
Books
 S - a manual of Ice Magic
Comestibles
 f - 41 rations
 P - 2 chunks of flesh


   Skills:
 + Level 8.8 Fighting
 - Level 9.9(10.9) Axes
 * Level 7.3(9.7) Maces & Flails
 - Level 4.0 Throwing
 + Level 8.0 Armour
 + Level 8.1 Dodging
 + Level 4.2 Spellcasting
 - Level 3.0 Translocations
 + Level 5.0 Invocations


You had 6 spell levels left.
You knew the following spells:

 Your Spells              Type           Power        Failure   Level  Hunger
a - Regeneration          Chrm/Necr      #.........   50%         3    ###....
b - Blink                 Tloc           N/A          9%          2    ##.....
c - Shroud of Golubria    Chrm/Tloc      #.........   16%         2    ##.....
d - Passage of Golubria   Tloc           N/A          47%         4    ####...
e - Spectral Weapon       Hex/Chrm       #.......     50%         3    ###....

Your spell library contained the following spells:

 Spells                   Type           Power        Failure   Level  Hunger
 Magic Dart               Conj           #...         19%         1    None
 Conjure Flame            Conj/Fire      #.......     50%         3    ###....
 Slow                     Hex            #.......     28%         2    ##.....
 Mephitic Cloud           Conj/Pois/Air  #.......     50%         3    ###....
 Venom Bolt               Conj/Pois      #.........   99%         5    ######.
 Olgreb's Toxic Radiance  Pois           #.......     88%         4    ####...
 Teleport Other           Tloc           ##......     16%         3    ###....
 Call Imp                 Summ           #.......     28%         2    ##.....
 Sting                    Conj/Pois      #...         19%         1    None
 Statue Form              Tmut/Erth      #........    100%        6    #######
 Dragon Form              Tmut           #.........   100%        7    #######
 Infusion                 Chrm           #...         19%         1    None
 Song of Slaying          Chrm           #.......     28%         2    ##.....
 Hydra Form               Tmut           #.........   100%        6    #######
 Irradiate                Conj/Tmut      #.........   99%         5    ######.
 Gell's Gravitas          Tloc           ##........   16%         3    ###....
 Lesser Beckoning         Tloc           ##........   16%         3    ###....
 Poisonous Vapours        Pois/Air       #.....       28%         2    ##.....


Dungeon Overview and Level Annotations

Branches:
Dungeon (13/15)            Temple (0/1) D:7            Lair (0/6) D:11
    Orc (0/2) D:12
 Vaults: D:13-14

Altars:
Cheibriados
Dithmenos
Fedhas
Gozag
Hepliaklqana
Kikubaaqudgha
Nemelex Xobeh
Qazlal
Sif Muna
Uskayaw
Wu Jian
Zin
Beogh

Shops:
D:4 [   D:5 [   D:6 *   D:7 (

Annotations:
D:11 2 runed doors


Innate Abilities, Weirdness & Mutations

You have razor-sharp teeth.
You heal very quickly.
When hurt, damage is shared between your health and your magic reserves.
Your bite disrupts and absorbs the magic of your enemies.
Potions cannot restore your health.
You are immune to rotting.
Your life essence is reduced to manifest your ancestor. (-10% HP)


Message History

Found 12 gold pieces and a ration.
You feel sick.
You see here 12 gold pieces.
You feel sick.
You feel yourself speed up.
You feel sick. The eight-headed hydra bites you!
* * * LOW HITPOINT WARNING * * *
The eight-headed hydra bites you!
* * * LOW HITPOINT WARNING * * *
The eight-headed hydra closely misses you. x2
The eight-headed hydra misses you. The eight-headed hydra bites you.
* * * LOW HITPOINT WARNING * * *
The eight-headed hydra bites you but does no damage.
The eight-headed hydra bites you!
* * * LOW HITPOINT WARNING * * *
Unknown command.
Okay, then.
Your system rejects the healing.
You feel better. The eight-headed hydra bites you!
You die...

...# #.##....# #.#
...###.##..#.####.#
..................######.
..####......†####.......%
.>.........##.......s....
#########.###.###........
#.##...#ys.......
#......#D#######.
####>..#@# #####.# #.#
#.# #.# #.# #.# #.#


You could see an eight-headed hydra, a hornet and a scorpion.

Vanquished Creatures
  Snorg (D:13)
  3 hydras
  4 death yaks
  4 two-headed ogres
  Pikel (D:8)
  A wolf spider zombie (D:12)
  2 cyclopes (D:12)
  Maurice (D:8)
  Joseph (D:8)
  The ghost of Zgarb the Caller, a novice VSSu of Ru (D:6)
  3 trolls
  A hornet (D:8)
  A meliai zombie (D:12)
  5 hippogriffs
  14 yaks
  2 shadows (D:11)
  A wyvern (D:10)
  3 vampire mosquitoes (D:13)
  2 steam dragons
  2 hungry ghosts
  An insubstantial wisp (D:8)
  An acid dragon (D:12)
  9 orc warriors
  A slave (D:8)
  4 ice beasts
  2 sky beasts
  4 phantoms
  5 ogres
  3 wolves (D:11)
  6 centaurs
  3 big kobolds
  9 bullfrogs
  A wyvern zombie (D:11)
  3 scorpions
  24 killer bees
  3 wights
  3 howler monkeys
  2 crimson imps
  2 centaur zombies
  A bullfrog zombie (D:10)
  7 hounds
  11 orc priests
  4 jellies
  10 orc wizards
  5 centaur skeletons
  A gnoll shaman (D:9)
  10 worker ants
  Ijyb (D:5)
  2 iguanas
  A hound zombie (D:5)
  A hound skeleton (D:9)
  13 gnolls
  8 adders
  2 shadow imps (D:7)
  3 oozes
  2 adder skeletons
  2 worms
  A dart slug (D:1)
  3 leopard geckos
  62 orcs
  8 giant cockroaches
  7 goblins
  7 hobgoblins
  18 jackals
  5 quokkas
  2 ball pythons (D:3)
  9 bats
  9 frilled lizards
  9 kobolds
  A quokka zombie (D:5)
  7 rats
371 creatures vanquished.

Vanquished Creatures (collateral kills)
  2 ugly things (D:12)
  A queen bee (D:10)
  A hornet (D:8)
  2 yaks (D:12)
  Grum (D:11)
  An insubstantial wisp (D:8)
  A soldier ant (D:8)
  3 sky beasts (D:8)
  2 ice beasts
  An ogre (D:8)
  2 phantoms
  A big kobold (D:12)
  2 gnoll sergeants (D:12)
  A wyvern skeleton (D:12)
  2 scorpions
  A killer bee (D:11)
  A wight (D:9)
  A howler monkey (D:5)
  A crimson imp (D:8)
  A bullfrog zombie (D:8)
  2 hounds
  An orc priest (D:5)
  An orc wizard (D:7)
  A bullfrog skeleton (D:2)
  A killer bee zombie (D:5)
  2 worker ants (D:10)
  A worker ant zombie (D:5)
  3 adders
  4 gnolls
  A dart slug (D:5)
  2 leopard geckos
  16 orcs
  A bat (D:2)
  A giant cockroach (D:6)
  A goblin (D:2)
  A jackal (D:7)
  A leopard gecko zombie (D:5)
68 creatures vanquished.

Vanquished Creatures (others)
  A death yak (D:11)
  A slave (D:8)
  A centaur (D:12)
  10 knights
  3 ancestors
  A fungus (D:7)
17 creatures vanquished.

Grand Total: 456 creatures vanquished

Notes
Turn   | Place    | Note
-------+----------+-------------------------------------------
     0 | D:1      | inmateoo the Vine Stalker Warper began the quest for the Orb.
     0 | D:1      | Reached XP level 1. HP: 11/11 MP: 4/4
    42 | D:1      | Reached skill level 2 in Axes
    47 | D:1      | Reached skill level 1 in Armour
    47 | D:1      | Reached XP level 2. HP: 12/15 MP: 6/6
   589 | D:1      | Reached XP level 3. HP: 18/18 MP: 7/7
   811 | D:2      | Found an ornate altar of the Wu Jian Council.
   813 | D:2      | Found a hazy altar of Hepliaklqana.
   815 | D:2      | Found a deep blue altar of Sif Muna.
   815 | D:2      | Found a hide-covered altar of Uskayaw.
   819 | D:2      | Found an ancient bone altar of Kikubaaqudgha.
   819 | D:2      | Found a sparkling altar of Nemelex Xobeh.
   819 | D:2      | Found a snail-covered altar of Cheibriados.
  1222 | D:2      | Became a worshipper of Hepliaklqana the Forgotten
  1259 | D:2      | Gained mutation: Your natural rate of healing is unusually fast. [Vine Stalker growth]
  1259 | D:2      | Reached XP level 4. HP: 20/20 MP: 8/8
  1419 | D:2      | Reached skill level 3 in Axes
  1712 | D:2      | Reached XP level 5. HP: 24/24 MP: 9/9
  1986 | D:3      | HP: 1/24 [orc (2)]
  2043 | D:3      | Reached XP level 6. HP: 18/28 MP: 6/10
  2367 | D:3      | Reached * piety under Hepliaklqana
  2959 | D:4      | Reached skill level 4 in Axes
  3085 | D:4      | Found Kaghuwk's Armour Shoppe.
  3198 | D:4      | Noticed an ice beast
  3345 | D:4      | Reached XP level 7. HP: 30/32 MP: 11/11
  3696 | D:5      | Entered Level 5 of the Dungeon
  3847 | D:5      | Noticed Ijyb
  3859 | D:5      | Killed Ijyb
  3859 | D:5      | Reached skill level 5 in Axes
  3897 | D:5      | Gained mutation: You have razor-sharp teeth. [Vine Stalker growth]
  3897 | D:5      | Reached XP level 8. HP: 37/37 MP: 12/12
  4029 | D:5      | Reached ** piety under Hepliaklqana
  4030 | D:5      | Remembered your ancestor Bor as a knight
  4254 | D:5      | Found Pavuvilo's Antique Armour Shop.
  4411 | D:6      | Reached skill level 6 in Axes
  4588 | D:6      | Found Daraes's General Store.
  4610 | D:6      | Bought a scroll of identify for 26 gold pieces
  4610 | D:6      | Bought 3 scrolls of identify for 78 gold pieces
  4789 | D:6      | Found a glowing silver altar of Zin.
  4790 | D:6      | Found an opulent altar of Gozag.
  4872 | D:6      | Reached XP level 9. HP: 37/41 MP: 13/13
  5096 | D:6      | Found a large runed door.
  5099 | D:6      | Noticed Zgarb's ghost (novice VSSu)
  5100 | D:6      | Found a large runed door.
  5337 | D:6      | Killed Zgarb's ghost
  5337 | D:6      | Reached skill level 5 in Fighting
  5337 | D:6      | Reached skill level 7 in Axes
  5410 | D:7      | Found Reyxzy's Weapon Boutique.
  5413 | D:7      | Bought a +0 broad axe for 48 gold pieces
  5423 | D:7      | Found a staircase to the Ecumenical Temple.
  5634 | D:7      | Reached *** piety under Hepliaklqana
  5658 | D:7      | Found a blossoming altar of Fedhas.
  5658 | D:7      | Found a stormy altar of Qazlal.
  5799 | D:7      | Reached skill level 5 in Dodging
  6132 | D:8      | Reached skill level 8 in Axes
  6133 | D:8      | Reached skill level 5 in Armour
  6134 | D:8      | Reached XP level 10. HP: 6/47 MP: 12/14
  6296 | D:8      | Noticed Joseph
  6310 | D:8      | Killed Joseph
  6419 | D:8      | Noticed Pikel
  6433 | D:8      | Killed Pikel
  6433 | D:8      | Reached skill level 9 in Axes
  6613 | D:8      | Paralysed by a hornet for 3 turns
  6790 | D:8      | Noticed Maurice
  6804 | D:8      | Paralysed by Maurice for 2 turns
  6811 | D:8      | Paralysed by Maurice for 4 turns
  6817 | D:8      | Killed Maurice
  6945 | D:8      | Found a shadowy altar of Dithmenos.
  7003 | D:9      | Reached XP level 11. HP: 52/52 MP: 15/15
  7012 | D:9      | Found a roughly hewn altar of Beogh.
  7133 | D:9      | Reached skill level 1 in Throwing
  7399 | D:9      | Reached **** piety under Hepliaklqana
  7451 | D:9      | Got a faintly glowing morningstar {flame}
  7452 | D:9      | Identified the +7 morningstar of Conversion {flame, *Corrode Int+4} (You took it off a gnoll on level 9 of the Dungeon)
  7871 | D:10     | Entered Level 10 of the Dungeon
  7923 | D:10     | Reached skill level 1 in Maces & Flails
  8138 | D:10     | Found an opulent altar of Gozag.
  9090 | D:11     | Noticed a death yak
  9091 | D:11     | Noticed a death yak
  9122 | D:11     | Killed a death yak
  9135 | D:11     | Killed a death yak
  9135 | D:11     | Reached skill level 1 in Invocations
  9149 | D:11     | Noticed a death yak
  9149 | D:11     | Noticed a death yak
  9162 | D:11     | Killed a death yak
  9278 | D:11     | Noticed a seven-headed hydra
  9284 | D:11     | Killed a seven-headed hydra
  9375 | D:11     | Noticed a seven-headed hydra
  9381 | D:11     | Noticed a two-headed ogre
  9394 | D:11     | Killed a seven-headed hydra
  9399 | D:11     | Killed a two-headed ogre
  9399 | D:11     | Gained mutation: You heal very quickly. [Vine Stalker growth]
  9399 | D:11     | Reached XP level 12. HP: 50/57 MP: 12/16
  9592 | D:11     | Noticed Grum
  9611 | D:11     | Killed Grum
  9624 | D:11     | Noticed an ice dragon
  9625 | D:11     | Found a runed door.
  9625 | D:11     | Found a runed door.
  9625 | D:11     | Noticed a fire dragon
  9625 | D:11     | Noticed an ice dragon
  9626 | D:11     | Noticed a fire dragon
  9627 | D:11     | Found the +2 shield of Resistance {rF+ rC+ MR+}
  9655 | D:11     | Reached ***** piety under Hepliaklqana
  9658 | D:11     | Found a staircase to the Lair.
  9682 | D:11     | Killed a death yak
  9959 | D:11     | Reached skill level 5 in Maces & Flails
 10252 | D:12     | Noticed a two-headed ogre
 10568 | D:12     | Learned a level 3 spell: Regeneration
 10571 | D:12     | Learned a level 2 spell: Blink
 10574 | D:12     | Learned a level 2 spell: Shroud of Golubria
 10579 | D:12     | Learned a level 4 spell: Passage of Golubria
 10583 | D:12     | Learned a level 3 spell: Spectral Weapon
 10771 | D:12     | Noticed a five-headed hydra
 10870 | D:12     | Killed a five-headed hydra
 10899 | D:12     | Found a staircase to the Orcish Mines.
 11073 | D:12     | Killed a two-headed ogre
 11295 | D:12     | Noticed a two-headed ogre
 11297 | D:12     | Killed a two-headed ogre
 11332 | D:13     | Noticed a two-headed ogre
 11336 | D:13     | Noticed Snorg
 11339 | D:13     | Killed a two-headed ogre
 11339 | D:13     | Reached XP level 13. HP: 38/62 MP: 11/19
 11617 | D:13     | Killed Snorg
 11617 | D:13     | Reached skill level 5 in Invocations
 11628 | D:13     | HP: 1/63 [eight-headed hydra (6)]
 11629 | D:13     | Mangled by an eight-headed hydra

Vault maps used:
D:1:      dpeg_arrival_radiant
D:2:      grunt_temple_overflow_open, eino_tiny_chamber
D:4:      first_ration, serial_shops, shop, minmay_misc_feat_nine_boxes,
          kennysheep_opposing_triangles
D:5:      serial_shops, nicolae_shop_overgrown_old_shop, uniq_ijyb
D:6:      grunt_temple_overflow_gold_and_silver, serial_shops,
          nicolae_shop_statue_plus, ebering_ghost_disaster_area
D:7:      grunt_temple_overflow_forces_of_nature,
          minmay_temple_entry_statues_fountains, serial_shops,
          nicolae_shop_behind_doors, hangedman_decor_push
D:8:      kennysheep_mini_moat, hangedman_pestilent_swarm, hangedman_misty_isle,
          uniq_maurice, uniq_joseph, uniq_pikel
D:9:      special_room, kennysheep_generic_room_3
D:10:     special_room, grunt_gozag_statues
D:11:     dpeg_lair_monsters, dk_noncrumbling_4,
          minmay_guarded_unrand_resistance, uniq_grum
D:12:     kennysheep_orc_monster_closet_entryway, minmay_sticks_and_stones
D:13:     grunt_ministairs_1, minmay_misc_feat_enclosed, uniq_snorg

Skill      XL: |  1  2  3  4  5  6  7  8  9 10 11 12 13 |
---------------+----------------------------------------+-----
Axes           | 2 3 4 5 6 8 9 |  9.9
Armour         | 1 2 3 4 5 6 7 8 |  8.0
Fighting       | 2 3 4 5 6 7 8 |  8.8
Dodging        | 2 3 4 5 6 7 8 |  8.1
Throwing       | 3 4 |  4.0
Maces & Flails | 4 6 7 |  7.3
Invocations    | 2 4 5 |  5.0
Spellcasting   | 3 4 |  4.2
Translocations | |  3.0

Action                   |  1- 3 |  4- 6 |  7- 9 | 10-12 | 13-15 || total
-------------------------+-------+-------+-------+-------+-------++-------
Melee: Hand axe          |    86 |    34 |       |       |       ||   120
       Bite              |    17 |    37 |    80 |   142 |    16 ||   292
       Dagger            |       |   136 |   248 |       |       ||   384
       War axe           |       |       |    85 |   188 |       ||   273
       Morningstar       |       |       |       |   301 |    44 ||   345
 Cast: Blink             |       |       |       |       |     1 ||     1
Invok: Ancestor Life: Kn |       |       |     1 |       |       ||     1
       Recall Ancestor   |       |       |       |     5 |       ||     5
Evoke: Wand              |       |       |       |    14 |     7 ||    21
  Use: Scroll            |     7 |     3 |    10 |    10 |       ||    30
       Potion            |     1 |       |     1 |     2 |     1 ||     5
 Stab: Sleeping          |     1 |     2 |     1 |     1 |       ||     5
       Distracted        |       |     2 |     4 |     5 |       ||    11
       Confused          |       |       |       |     4 |     2 ||     6
  Eat: Chunk             |     1 |     7 |     9 |    12 |     1 ||    30
       Ration            |       |       |       |     2 |       ||     2
Armor: Leather armour    |    44 |    55 |    94 |   187 |    14 ||   394
       Skin              |       |       |       |     3 |       ||     3
Dodge: Dodged            |    57 |   119 |   216 |   499 |    52 ||   943

Table legend:
 A = Spawn XP
 B = Non-spawn XP
 C = Spawn XP percentage of total XP
 D = Spawn monster count
 E = Non-spawn monster count
 F = Spawn count percentage of total count
 G = Total turns spent on level
                    A         B        C        D         E        F      G
               +---------+---------+-------+---------+---------+-------+---------
         Total |       0 |   38408 |   0.0 |       0 |     440 |   0.0 | 11629
               +---------+---------+-------+---------+---------+-------+---------
           D:1 |       0 |      36 |   0.0 |       0 |      21 |   0.0 |  1003
           D:2 |       0 |     165 |   0.0 |       0 |      30 |   0.0 |   920
           D:3 |       0 |     218 |   0.0 |       0 |      34 |   0.0 |   997
           D:4 |       0 |     306 |   0.0 |       0 |      24 |   0.0 |   776
           D:5 |       0 |    1015 |   0.0 |       0 |      33 |   0.0 |   707
           D:6 |       0 |    1167 |   0.0 |       0 |      24 |   0.0 |   973
           D:7 |       0 |    1057 |   0.0 |       0 |      30 |   0.0 |   750
           D:8 |       0 |    5341 |   0.0 |       0 |      45 |   0.0 |   931
           D:9 |       0 |     993 |   0.0 |       0 |      31 |   0.0 |   814
          D:10 |       0 |    3016 |   0.0 |       0 |      32 |   0.0 |  1296
          D:11 |       0 |    8396 |   0.0 |       0 |      50 |   0.0 |  1222
          D:12 |       0 |    9932 |   0.0 |       0 |      61 |   0.0 |  1006
          D:13 |       0 |    6766 |   0.0 |       0 |      25 |   0.0 |   234
               +---------+---------+-------+---------+---------+-------+---------
